 Dungeon Crawl Stone Soup version 0.17.1-2-g5865329 (webtiles) character file.

177 seren the Firebug (level 5, -3/28 HPs)
             Began as a Deep Elf Fire Elementalist on Feb 11, 2016.
             Killed from afar by an orc wizard (5 damage)
             ... with a magic dart
             ... on level 4 of the Dungeon.
             The game lasted 00:20:17 (2769 turns).

seren the Firebug (Deep Elf Fire Elementalist)      Turns: 2769, Time: 00:20:17

Health: -3/28      AC:  5    Str:  5    XL:     5   Next: 30%
Magic:  5/11       EV: 13    Int: 21    God:
Gold:   158        SH:  0    Dex: 15    Spells: 2 memorised, 6 levels left

rFire  . . .     SeeInvis .     p - +0 mace (curse)
rCold  . . .     Clarity  .     a - +1 robe
rNeg   . . .     SustAt   .     (no shield)
rPois  .         Gourm    .     f - +0 helmet
rElec  .         Spirit   .     o - +0 cloak
rCorr  .         Warding  .     (no gloves)
rMut   .         Stasis   .     (no boots)
MR     .....                    (no amulet)
Stlth  ++........               (no ring)
                                u - ring of wizardry

@: slowed, very slow, not resistant to hostile enchantments, unstealthy
A: no striking features
a: no special abilities


You were on level 4 of the Dungeon.
You were hungry.

You visited 1 branch of the dungeon, and saw 4 of its levels.

You collected 158 gold pieces.

Inventory:

Hand Weapons
 p - a cursed +0 mace (weapon)
Armour
 a - a +1 robe (worn)
 f - a +0 helmet (worn)
 o - a +0 cloak (worn)
Jewellery
 u - a ring of wizardry (left hand)
Wands
 s - a wand of frost (19)
Scrolls
 e - a scroll of blinking
 i - 4 scrolls of identify
Potions
 g - a potion of agility
 j - a potion of brilliance {unknown}
 l - a potion of lignification {unknown}
 n - a potion of resistance {unknown}
Books
 b - a book of Flames

   Spells                             Type                      Level
   a - Flame Tongue                   Conjuration/Fire             1
   b - Throw Flame                    Conjuration/Fire             2
   c - Conjure Flame                  Conjuration/Fire             3
   d - Inner Flame                    Hexes/Fire                   3
   e - Sticky Flame                   Conjuration/Fire             4
   f - Fireball                       Conjuration/Fire             5
Comestibles
 c - 4 bread rations
 h - a meat ration
 q - 4 fruits


   Skills:
 - Level 2.4 Dodging
 - Level 2.4 Stealth
 - Level 3.0 Spellcasting
 + Level 4.6 Conjurations
 + Level 4.7 Fire Magic


You had 6 spell levels left.
You knew the following spells:

 Your Spells              Type           Power        Failure   Level  Hunger
a - Flame Tongue          Conj/Fire      ###..        1%          1    None
c - Conjure Flame         Conj/Fire      ###.....     4%          3    ###....


Dungeon Overview and Level Annotations

Branches:
Dungeon (4/15)
 Temple: D:4-7

Altars:
Makhleb
Ru
Xom


Message History

The orc wizard gestures at you while chanting.
The magic dart hits you!
The orc wizard gestures at you while chanting.
You feel as though you will be slow longer.
The orc wizard misses you. The orc wizard casts a spell at you.
The magic dart hits you!
* * * LOW HITPOINT WARNING * * *
The orc wizard barely misses you. x2
The orc wizard casts a spell.
The orc wizard blinks!
The orc wizard is no longer moving quickly.
The orc wizard hits you with a dagger.
* * * LOW HITPOINT WARNING * * *
The orc wizard hits you with a dagger.
* * * LOW HITPOINT WARNING * * *
The orc wizard closely misses you.
The orc wizard points at you and mumbles some strange words.
The magic dart hits you!
You die...

#......#################..##
#.....ยง############# #..#
#..................# #..#
#.......##########o# #..#
#.>.....#........#.#####..#
#.......########..........#
..................#.######.#
##......##........#.### #.#
#..........##.@o.....# #.#
#.####..... #.#..#.#.####.#
..... #.#...........# .s...
#.####.#.###### .... .#..
#). ...#.# .... #..
#.#....#.# .... ########.#
.... ..# .... ###


You could see 2 orc wizards.

Vanquished Creatures
  An orc wizard (D:3)
  A hound (D:4)
  A hound skeleton (D:4)
  3 adders
  2 worms (D:3)
  6 orcs
  A giant cockroach (D:1)
  4 goblins
  8 hobgoblins
  7 bats
  4 giant newts
  8 kobolds
  2 quokkas
  15 rats
63 creatures vanquished.

Notes
Turn   | Place    | Note
--------------------------------------------------------------
     0 | D:1      | seren the Deep Elf Fire Elementalist began the quest for the Orb.
     0 | D:1      | Reached XP level 1. HP: 10/10 MP: 6/6
   142 | D:1      | Found a shimmering altar of Xom.
   289 | D:1      | Reached XP level 2. HP: 15/15 MP: 5/8
   983 | D:2      | Reached XP level 3. HP: 19/19 MP: 6/9
   988 | D:2      | Learned a level 3 spell: Conjure Flame
  1035 | D:2      | Found a burning altar of Makhleb.
  1196 | D:2      | Found a faded altar to an unknown god.
  1322 | D:2      | Found a sacrificial altar of Ru.
  1849 | D:3      | Reached XP level 4. HP: 24/24 MP: 6/10
  1973 | D:3      | Reached skill level 4 in Fire Magic
  2259 | D:4      | Noticed an ogre
  2382 | D:3      | Reached XP level 5. HP: 15/28 MP: 4/11
  2628 | D:4      | Noticed a scorpion
  2769 | D:4      | Killed from afar by an orc wizard

Action                   |  1- 3 |  4- 6 || total
-------------------------+-------+-------++-------
Melee: Mace              |       |     3 ||     3
 Cast: Flame Tongue      |    77 |    44 ||   121
       Conjure Flame     |       |     3 ||     3
  Use: Scroll            |     6 |       ||     6
  Eat: Chunk             |     3 |     2 ||     5
